 Dungeon Crawl Stone Soup version 0.29-a0-234-g0dae59b3db (webtiles) character file.

Game seed: 13118351508989690553

156 Hubjo the Sneak (level 5, -1/39 HPs)
             Began as a Vampire Enchanter on Mar 2, 2022.
             Slain by a black bear (2 damage)
             ... on level 4 of the Dungeon.
             The game lasted 00:03:40 (941 turns).

Hubjo the Sneak (Vampire Enchanter)                  Turns: 941, Time: 00:03:41

Health: -1/39      AC:  3    Str:  7    XL:     5   Next: 15%
Magic:  8/8        EV: 13    Int: 18    God:
Gold:   71         SH:  0    Dex: 16    Spells: 2/8 levels left

rFire   . . .      SeeInvis +   a - +1 dagger
rCold   . . .      Faith    .   (no shield)
rNeg    . . .      Spirit   .   b - +1 robe
rPois   .          Reflect  .   (no helmet)
rElec   .          Harm     .   (no cloak)
rCorr   .          Rampage  .   (no gloves)
Will    .....                   (no boots)
Stlth   +++.......              (no amulet)
HPRegen 0.33/turn               (no ring)
MPRegen 0.11/turn               (no ring)

@: healing quickly
A: alive, fangs 3, see invisible, vampiric 2
a: Exsanguinate


You were on level 4 of the Dungeon.
You visited 1 branch of the dungeon, and saw 3 of its levels.

You collected 71 gold pieces.

Inventory:

Hand Weapons
 a - a +1 dagger (weapon)
Armour
 b - a +1 robe (worn)
Jewellery
 f - a ring of ice
Scrolls
 j - a scroll of silence
Potions
 c - 2 potions of invisibility
 d - a potion of might {unknown}
 e - a potion of lignification {unknown}
 g - a potion of haste {unknown}
 i - 2 potions of curing {unknown}
 k - a potion of flight {unknown}


   Skills:
 * Level 2.3 Fighting
 + Level 2.1 Short Blades
 + Level 2.9 Dodging
 * Level 6.1 Stealth
 - Level 2.0 Spellcasting
 + Level 5.1 Hexes


You had 2 spell levels left.
You knew the following spells:

 Your Spells              Type           Power      Damage    Failure   Level
a - Tukima's Dance        Hex            20%        N/A       7%          3
b - Dazzling Flash        Conj/Hex       20%        N/A       19%         3

Your spell library contained the following spells:

 Spells                   Type           Power      Damage    Failure   Level
 Ensorcelled Hibernation  Hex/Ice        20%        N/A       10%         2
 Confusing Touch          Hex            20%        N/A       7%          3


Dungeon Overview and Level Annotations

Branches:
Dungeon (2/15)

Altars:


Innate Abilities, Weirdness & Mutations

Your natural rate of healing is accelerated.
You have razor-sharp teeth.
You have supernaturally acute eyesight. (SInv)
You are afflicted with vampirism and can become a bat while bloodless.


Message History

You hit the black bear.
The black bear is moderately wounded.
The black bear bites you. The black bear barely misses you.
The black bear claws you but does no damage.
You hit the black bear but do no damage.
You bite the black bear.
The black bear is heavily wounded.
The black bear closely misses you.
The black bear claws you but does no damage.
The black bear claws you.
You closely miss the black bear.
The black bear is heavily wounded.
The black bear barely misses you. The black bear closely misses you.
The black bear claws you.
You are too injured to fight recklessly!
You are too injured to fight recklessly!
You are too injured to fight recklessly!
You are too injured to fight recklessly!
You are too injured to fight recklessly!
You are too injured to fight recklessly!
You hit the black bear but do no damage.
You bite the black bear.
The black bear is severely wounded.
The black bear barely misses you. The black bear claws you.
The black bear barely misses you.
You barely miss the black bear.
The black bear is severely wounded.
You hit the black bear.
The black bear is severely wounded.
The black bear goes berserk!
You hit the black bear.
The black bear is severely wounded.
The black bear bites you!
* * * LOW HITPOINT WARNING * * *
The black bear claws you.
* * * LOW HITPOINT WARNING * * *
The black bear completely misses you. The black bear bites you.
* * * LOW HITPOINT WARNING * * *
The black bear closely misses you. The black bear claws you.
You die...

#. ## #.... ..# #.#.#
#.# .# #.#.# #.# #.#
#.#.####.# #.#
#....>##.# #.#
#.#...†..# #.##
#........# ##...
#@.......#####....
+..h.................
####.......#####.....
##.#.#### #.....
###.# ##...# #.#
###.# #.# #.. .# ###


You could see a black bear (berserk).

Vanquished Creatures
  An ogre (D:4)
  A hound (D:4)
  An adder (D:4)
  An ufetubus (D:4)
  A dart slug (D:1)
  3 ball pythons
  3 bats (D:1)
  An endoplasm (D:1)
  A giant cockroach (D:1)
  3 goblins
  A hobgoblin (D:1)
  3 jackals (D:1)
  3 quokkas (D:1)
  A kobold (D:1)
  A rat (D:1)
25 creatures vanquished.

Notes
Turn   | Place    | Note
-------+----------+-------------------------------------------
     0 | D:1      | Hubjo the Vampire Enchanter began the quest for the Orb.
     0 | D:1      | Reached XP level 1. HP: 13/13 MP: 3/3
   111 | D:1      | Reached XP level 2. HP: 20/20 MP: 5/5
   153 | D:1      | Reached skill level 1 in Fighting
   160 | D:1      | HP: 1/21 [quokka (3)]
   532 | D:1      | Reached skill level 5 in Stealth
   585 | D:2      | You fall into a shaft and drop 2 floors!
   610 | D:4      | Noticed an ogre
   617 | D:4      | Killed an ogre
   618 | D:4      | Gained mutation: You are afflicted with vampirism and can
                  | become a bat while bloodless. [Vampire growth]
   618 | D:4      | Reached XP level 3. HP: 13/27 MP: 6/6
   618 | D:4      | Reached XP level 4. HP: 16/33 MP: 7/7
   622 | D:4      | Learned a level 3 spell: Tukima's Dance
   626 | D:4      | Learned a level 3 spell: Dazzling Flash
   699 | D:4      | Reached skill level 5 in Hexes
   805 | D:4      | Reached skill level 6 in Stealth
   805 | D:4      | Reached XP level 5. HP: 4/38 MP: 8/8
   928 | D:4      | Noticed a black bear
   941 | D:4      | HP: 1/39 [black bear (2)]
   941 | D:4      | Slain by a black bear

Illustrated notes

Levels and vault maps discovered:
D:1:      amcnicky_arrival_wind_blow, layout_rooms, st_stairs_1,
          chequers_hall_statues_wall_a, minmay_misc_feat_roman
D:2:      layout_loops_corners, minmay_unequal, uniq_crazy_yiuf_cottage,
          uniq_robin
D:4:      layout_loops_corners

Skill      XL: |  1  2  3  4 |
---------------+-------------+-----
Fighting       | 2 |  2.3
Stealth        | 5 6 |  6.1
Short Blades   | 2 |  2.1
Hexes          | 5 |  5.1
Dodging        | |  2.9
Spellcasting   | |  2.0

Action                   |  1- 3 |  4- 6 || total
-------------------------+-------+-------++-------
Melee: Dagger            |    71 |    39 ||   110
       Bite              |     6 |     3 ||     9
       Punch             |     1 |       ||     1
  Use: Scroll            |     4 |       ||     4
 Stab: Sleeping          |     4 |     2 ||     6
Armor: Robe              |    19 |    11 ||    30
Dodge: Dodged            |    56 |    27 ||    83

Table legend: (Time is in decaauts)
 A = Elapsed time spent in this place.
 B = Non-inter-level travel time spent in this place.
 C = Inter-level travel time spent in this place.
 D = Time resting spent in this place.
 E = Time spent auto-exploring this place.
 F = Levels seen in this place.
 G = Mean time per level.
                   A        B        C        D        E       F      G
               +--------+--------+--------+--------+--------+-----+--------+
         Total |    932 |    910 |     22 |     69 |    618 |   3 |  310.7 |
       Dungeon |    932 |    910 |     22 |     69 |    618 |   3 |  310.7 |
               +--------+--------+--------+--------+--------+-----+--------+

Top non-repeatable levels by time:
     D:1: 577 daAuts
     D:4: 351 daAuts
     D:2: 3 daAuts
